 Dungeon Crawl Stone Soup version 0.30-a0-393-g54b8e3be05 (webtiles) character file.

Game seed: 1827831818632159738

28 arthad the Insei (level 3, -2/23 HPs)
             Began as an Octopode Transmuter on Dec 6, 2022.
             Slain by a goblin
             ... wielding a +0 club
              (5 damage)
             ... on level 2 of the Dungeon.
             The game lasted 00:02:55 (906 turns).

arthad the Insei (Octopode Transmuter)               Turns: 906, Time: 00:02:56

Health: -2/23      AC:  0    Str:  9    XL:     3   Next: 12%
Magic:  6/6        EV: 14    Int: 17    God:
Gold:   36         SH:  0    Dex: 12    Spells: 5/6 levels left

rFire   . . .      SeeInvis .      - Unarmed
rCold   . . .      Faith    .    (shield currently unavailable)
rNeg    . . .      Spirit   .    (helmet currently unavailable)
rPois   .          Reflect  .    (no amulet)
rElec   .          Harm     .    (ring currently unavailable)
rCorr   .          Rampage  .    (ring currently unavailable)
Will    .....                    (ring currently unavailable)
Stlth   +.........               (ring currently unavailable)
HPRegen 0.23/turn                (ring currently unavailable)
MPRegen 0.10/turn                (ring currently unavailable)
                                 (ring currently unavailable)
                                 (ring currently unavailable)

@: pig-form, very quick
A: fast, no casting, almost no armour, (amphibious), (8 rings), small,
(camouflage 1), (gelatinous body 1), (nimble swimmer 1), (tentacles)
a: no special abilities


You were on level 2 of the Dungeon.
You were a filthy swine.
You visited 1 branch of the dungeon, and saw 2 of its levels.

You collected 36 gold pieces.

Inventory:

Hand Weapons
 c - the +9 war axe of the Forest (melded) {pain, rElec Dex+9}
   (You acquired it on level 2 of the Dungeon)

   In the hands of one skilled in necromantic magic, it inflicts extra damage on
   living creatures.
   Dex:       It affects your dexterity (+9).
   rElec:     It insulates you from electricity.
 j - a +1 short sword of freezing
Armour
 e - an orb of light
Jewellery
 g - an amulet of faith
Scrolls
 h - 4 scrolls of identify {unknown}
Potions
 a - 2 potions of lignification
 b - a potion of brilliance {unknown}
 d - a potion of heal wounds {unknown}
 f - 2 potions of attraction {unknown}
 k - a potion of berserk rage {unknown}


   Skills:
 + Level 1.3 Fighting
 + Level 2.2 Dodging
 + Level 0.8 Stealth
 + Level 3.1 Unarmed Combat
 * Level 2.4 Spellcasting
 * Level 2.4 Transmutations


You had 5 spell levels left.
You knew the following spells:

 Your Spells              Type           Power      Damage    Failure   Level
a - Beastly Appendage     Tmut           20%        N/A       7%          1

Your spell library contained the following spells:

 Spells                   Type           Power      Damage    Failure   Level
 Wereblood                Tmut           10%        N/A       11%         2
 Spider Form              Tmut/Pois      6%         N/A       34%         3
 Ice Form                 Ice/Tmut       6%         N/A       75%         4


Dungeon Overview and Level Annotations

Branches:
Dungeon (2/15)

Altars:

Annotations:
D:2 Natasha


Innate Abilities, Weirdness & Mutations

You are a filthy swine.
You move quickly.
Your equipment is almost entirely melded.
You are incapable of wielding weapons or throwing items.
You cannot cast spells.
You cannot wear most types of armour.
((You are amphibious.))
((You can wear up to eight rings at the same time.))
((Your skin changes colour to match your surroundings (Stealth+).))
((Your rubbery body absorbs attacks. (AC +1, EV +1)))
((You are camouflaged when in or above water. (Stealth+)))
((You have tentacles for arms and can constrict up to eight enemies at once.))


Message History

The hobgoblin closely misses you.
Natasha casts a spell.
The hobgoblin misses you.
You hit the hobgoblin.
You kill the hobgoblin!
Natasha casts a spell.
You aren't carrying any items that you can evoke.
As you read the scroll labelled MYGEL MEVVUW, it crumbles to dust.
Your body is wracked with pain!
The goblin convulses!
Natasha convulses!
It was a scroll of torment.
Natasha zaps a wand.
You turn into a filthy swine.
The +9 war axe of the Forest {pain, rElec Dex+9} melds into your body.
As you read the scroll labelled DAEGEK YSCHINLI, it crumbles to dust.
You feel strangely unstable.
It was a scroll of teleportation.
The crimson imp misses you.
Natasha stares at you and mumbles some strange words.
You resist with significant effort.
The crimson imp blinks!
Your surroundings suddenly seem different.
Found 2 scrolls labelled FAMIYH VOIJOAH.
You hit Natasha but do no damage.
Natasha is heavily wounded.
The crimson imp barely misses you. Natasha claws you.
You hit Natasha but do no damage.
Natasha is heavily wounded.
The crimson imp closely misses you.
Natasha howls an incantation.
You feel troubled. Natasha misses you.
You hit Natasha.
Natasha is heavily wounded.
The goblin closely misses you. Natasha closely misses you.
You hit Natasha but do no damage.
Natasha is heavily wounded.
The goblin closely misses you. The crimson imp misses you.
Natasha closely misses you.
You hit Natasha but do no damage.
Natasha is heavily wounded.
The shadow imp hits you.
* * * LOW HITPOINT WARNING * * *
The goblin hits you with a +0 club.
You die...

.# . ####..#..# ...
..#.....## ..
###......).#.
#.##########............
#.............!........#
#.......................
#.............55........
#............5hh........
##...<.........g.........
#........................
#......................?#
.>.....................##
.#............#.##.#..##
#.......(...... .#....
#.##########... .#.##.
#.# .##


You could see Natasha, 2 crimson imps, a shadow imp (summoned) and a goblin.

Vanquished Creatures
  2 dart slugs (D:1)
  An endoplasm (D:1)
  A giant cockroach (D:1)
  4 goblins (D:1)
  3 hobgoblins
  A kobold (D:1)
  3 ball pythons (D:1)
  3 bats (D:1)
  4 rats (D:1)
22 creatures vanquished.

Notes
Turn   | Place    | Note
-------+----------+-------------------------------------------
     0 | D:1      | arthad the Octopode Transmuter began the quest for the Orb.
     0 | D:1      | Reached XP level 1. HP: 13/13 MP: 3/3
   116 | D:1      | Reached XP level 2. HP: 15/18 MP: 5/5
   733 | D:1      | Reached XP level 3. HP: 23/23 MP: 6/6
   882 | D:2      | Noticed Natasha
   888 | D:2      | Identified a scroll of acquirement
   888 | D:2      | Acquired the +9 war axe of the Forest {pain, rElec Dex+9}
   906 | D:2      | Slain by a goblin

Illustrated notes

Levels and vault maps discovered:
D:1:      dpeg_arrival_castle, layout_loops_corners
D:2:      layout_rooms, basic_altar, hellmonk_ecumenical_altar_lost_god,
          uniq_natasha

Action                   || total
-------------------------++-------
Melee: Unarmed           ||    43
       Tentacles         ||     8
       Constrict         ||    11
       Kick              ||     1
       War axe           ||     2
 Cast: Beastly Appendage ||     1
  Use: Scroll            ||     3
 Stab: Sleeping          ||     7
Armor: Skin              ||     5
Dodge: Dodged            ||    35

Table legend: (Time is in decaauts)
 A = Elapsed time spent in this place.
 B = Non-inter-level travel time spent in this place.
 C = Inter-level travel time spent in this place.
 D = Time resting spent in this place.
 E = Time spent auto-exploring this place.
 F = Levels seen in this place.
 G = Mean time per level.
                   A        B        C        D        E       F      G
               +--------+--------+--------+--------+--------+-----+--------+
         Total |    901 |    891 |     10 |      0 |    736 |   2 |  450.5 |
       Dungeon |    901 |    891 |     10 |      0 |    736 |   2 |  450.5 |
               +--------+--------+--------+--------+--------+-----+--------+

Top non-repeatable levels by time:
     D:1: 856 daAuts
     D:2: 45 daAuts
